 Dungeon Crawl Stone Soup version 0.28.0 (webtiles) character file.

Game seed: 8043047407299889159

4850 horus123 the Ruffian (level 10, -14/96 HPs)
             Began as a Troll Hedge Wizard on Feb 10, 2022.
             Was an Initiate of Makhleb.
             Demolished by an angel (15 damage)
             ... created by the Shining One
             ... on level 9 of the Dungeon.
             The game lasted 00:17:26 (7784 turns).

horus123 the Ruffian (Troll Hedge Wizard)           Turns: 7784, Time: 00:17:26

Health: -14/96     AC: 16    Str: 22    XL:     10   Next: 25%
Magic:  10/15      EV: 13    Int: 17    God:    Makhleb [......]
Gold:   557        SH:  0    Dex: 14    Spells: 11/17 levels left

rFire   . . .      SeeInvis .   A - +1 broad axe of Beyond {flame, Int+2 Dex+2}
rCold   + + +      Faith    .   (no shield)
rNeg    . . .      Spirit   .   h - +4 swamp dragon scales of Akkastui {rPois rC++ Int+3 Dex+3}
rPois   +          Reflect  .   c - +1 hat
rElec   .          Harm     .   (no cloak)
rCorr   .          Rampage  .   (gloves unavailable)
Will    .....                   (boots unavailable)
Stlth   +.........              (no amulet)
HPRegen 1.06/turn               n - +4 ring of evasion
MPRegen 0.14/turn               s - ring of flight

@: flying, slightly contaminated, glowing
A: large, unfitting armour, claws 3, regeneration 1, shaggy fur 1, tough skin 1,
hooves 1, iridescent scales 1, cold resistance 1
a: Renounce Religion


You were on level 9 of the Dungeon.
You worshipped Makhleb.
Makhleb was noncommittal.
You visited 2 branches of the dungeon, and saw 10 of its levels.
You also visited: Sewer.

You collected 557 gold pieces.

Inventory:

Hand Weapons
 e - the +7 fustibalus "Ultimatum" {freeze, Dex+4}
   (You acquired it on level 1 of the Dungeon)

   Any ammunition fired from it freezes those it strikes, dealing additional
   cold damage.
   It can also slow down cold-blooded creatures.
   Dex:       It affects your dexterity (+4).
 A - the +1 broad axe of Beyond (weapon) {flame, Int+2 Dex+2}
   (You found it on level 7 of the Dungeon)

   It burns those it strikes, dealing additional fire damage.
   Big, fiery blades are also staple armaments of hydra-hunters.
   Int:       It affects your intelligence (+2).
   Dex:       It affects your dexterity (+2).
Armour
 b - a +0 robe
 c - a +1 hat (worn)
 h - the +4 swamp dragon scales of Akkastui (worn) {rPois rC++ Int+3 Dex+3}
   (You acquired it on level 1 of the Dungeon)

   Int:       It affects your intelligence (+3).
   Dex:       It affects your dexterity (+3).
   rC:        It greatly protects you from cold.
   rPois:     It protects you from poison.
 G - a +0 tower shield
Jewellery
 n - a +4 ring of evasion (left claw)
 s - a ring of flight (right claw)
 y - a ring of protection from cold
Wands
 l - a wand of paralysis (5)
 r - a wand of polymorph (11)
 B - a wand of iceblast (6)
 F - a wand of mindburst (7)
Scrolls
 a - 7 scrolls of teleportation
 g - a scroll of vulnerability
 i - 4 scrolls of magic mapping
 j - a scroll of blinking
 t - a scroll of brand weapon
 u - a scroll of holy word {unknown}
 v - 2 scrolls of summoning
 w - 6 scrolls of identify
 x - a scroll of silence {unknown}
 z - a scroll of fog
 D - a scroll of enchant armour
 E - a scroll of fear {unknown}
Potions
 d - 2 potions of heal wounds
 f - a potion of resistance
 k - a potion of magic
 m - a potion of cancellation {unknown}
 o - 2 potions of attraction {unknown}
 p - a potion of haste
 q - 7 potions of flight
 C - 2 potions of curing


   Skills:
 - Level 5.0 Fighting
 + Level 5.1 Axes
 - Level 1.5 Dodging
 - Level 1.0 Stealth
 - Level 5.9 Unarmed Combat
 - Level 4.0 Spellcasting
 - Level 5.1 Conjurations
 - Level 0.6 Summonings
 - Level 0.6 Translocations
 - Level 4.5 Transmutations


You had 11 spell levels left.
You knew the following spells:

 Your Spells              Type           Power      Damage    Failure   Level
a - Magic Dart            Conj           80%        1d7       3%          1
b - Irradiate             Conj/Tmut      9%         3d16      69%         5

Your spell library contained the following spells:

 Spells                   Type           Power      Damage    Failure   Level
 Passwall                 Tmut/Erth      9%         N/A       16%         2
 Freeze                   Ice            12%        1d4       26%         1
 Slow                     Hex            12%        N/A       26%         1
 Conjure Flame            Conj/Fire      12%        6-21      26%         3
 Blink                    Tloc           10%        N/A       30%         2
 Call Imp                 Summ           5%         N/A       30%         2
 Corpse Rot               Necr/Air       6%         N/A       36%         2
 Ensorcelled Hibernation  Hex/Ice        6%         N/A       36%         2
 Poisonous Vapours        Pois/Air       6%         N/A       36%         2
 Sublimation of Blood     Necr           3%         N/A       36%         2
 Mephitic Cloud           Conj/Pois/Air  9%         N/A       36%         3
 Frozen Ramparts          Ice            6%         1d2       58%         3
 Ozocubu's Armour         Ice            3%         N/A       58%         3
 Swiftness                Air            3%         N/A       58%         3
 Hailstorm                Conj/Ice       12%        3d5       65%         4
 Petrify                  Tmut/Erth      11%        N/A       69%         4
 Metabolic Englaciation   Hex/Ice        1%         N/A       100%        5
 Simulacrum               Ice/Necr       1%         N/A       100%        6


Dungeon Overview and Level Annotations

Branches:
Dungeon (9/15)             Temple (1/1) D:5           Sewer (visited)
   Lair: D:8-11         Orc: D:9-12

Altars:
Ashenzari
Fedhas
Gozag
Hepliaklqana
Kikubaaqudgha
Makhleb
Nemelex Xobeh
Okawaru
Qazlal
Ru
Sif Muna
Trog
Uskayaw
Vehumet
Wu Jian
Xom
Yredelemnul
Zin
The Shining One
Lugonu

Shops:
D:1 ?   D:2 ::   D:5 ?


Innate Abilities, Weirdness & Mutations

You are too large for most types of armour.
You have claws for hands.
Your natural rate of healing is unusually fast.
You are covered in fur. (AC +1)
You have tough skin. (AC +1)
You have large cloven feet.
You are partially covered in iridescent scales. (AC +2)
Your flesh is cold resistant. (rC+)


Message History

Found a scroll of identify.
You now have 539 gold pieces (gained 20).
You see here a +3 long sword.
w - 6 scrolls of identify (gained 1)
You now have 557 gold pieces (gained 18).
The Shining One sends the divine host to punish you for your evil ways! 2 angels come into view.
An angel is wielding a +2 sacred scourge of holy wrath.
An angel is wielding a +2 whip of holy wrath.
Cleave: A) +1 broad axe of Beyond {flame, Int+2 Dex+2}
Press: ? - help, Dir - move target, f - angel
Aim: an angel, wielding a +2 whip of holy wrath and wearing a +0 robe (durably summoned, haloed, about 60% to evade the +1 broad axe of Beyond)
Okay, then.
Okay, then.
Casting: Magic Dart (safe; 3% risk of failure)
Confirm with . or Enter, or press ? or * to list all spells.
The spell is quite dangerous to miscast (69% risk of failure)!
Continue anyway?
You miscast Irradiate.
You are very lightly contaminated with residual magic.
Your limbs ache and wobble like jelly.
You are contaminated with residual magic.
The angel hits you with a +2 sacred scourge of holy wrath!
The angel hits you with a +2 sacred scourge of holy wrath.
The angel hits you with a +2 whip of holy wrath. x2
The angel hits you with a +2 sacred scourge of holy wrath!!
The angel hits you with a +2 sacred scourge of holy wrath.
The angel hits you with a +2 whip of holy wrath!
The angel misses you.
The angel hits you with a +2 sacred scourge of holy wrath!
The angel hits you with a +2 sacred scourge of holy wrath.
* * * LOW HITPOINT WARNING * * *
The angel hits you with a +2 whip of holy wrath!!
* * * LOW HITPOINT WARNING * * *
The angel hits you with a +2 whip of holy wrath.
* * * LOW HITPOINT WARNING * * *
You feel less contaminated with magical energies.
The angel hits you with a +2 whip of holy wrath.
* * * LOW HITPOINT WARNING * * *
The angel hits you but does no damage.
The angel hits you with a +2 sacred scourge of holy wrath!
You die...

.#
##.#..≈≈≈..#.##
##
##.#..≈...≈..#.##
.#
#.#...≈._.≈...#.#
'###
#..#..≈...≈..#.##
...#
#...#..≈≈≈..#.##
...#
+....#######.##
...#
#...........##
...#
#.....).A.###
...+ #.......A@#
...# #.........#
.).# #.........#
...# #.........#
...# #.........#
...# #........<#
#### ###########


You could see 2 angels.

Vanquished Creatures
  Pikel (D:7)
  A gargoyle (D:8)
  A wyvern (D:8)
  4 yaks (D:8)
  3 water moccasins
  A sky beast (D:7)
  2 black bears
  An ice beast (D:7)
  A necrophage (D:6)
  4 ogres
  3 centaurs
  A phantom (D:4)
  A lemure (D:7)
  2 wyvern zombies
  A kobold brigand (D:6)
  A bullfrog (D:4)
  A gnoll sergeant (D:5)
  A scorpion (D:7)
  2 water moccasin zombies
  A water moccasin skeleton (D:7)
  13 killer bees
  3 wights (D:8)
  A howler monkey (D:8)
  A centaur zombie (D:8)
  2 hounds
  3 orc priests
  An iguana (D:7)
  Jessica (D:3)
  Ijyb (D:3)
  An orc wizard (D:3)
  Terence (D:3)
  A killer bee zombie (D:8)
  A hound skeleton (D:5)
  A mummy (D:5)
  6 gnolls (D:5)
  11 adders
  7 river rats
  4 white imps
  2 ufetubi
  5 worms
  A dart slug (D:3)
  21 orcs
  5 ball pythons
  6 endoplasms
  6 giant cockroaches
  11 goblins
  A hobgoblin (D:3)
  5 jackals
  9 bats
  6 frilled lizards
  2 goblin zombies (D:5)
  10 kobolds
  3 rats (D:3)
  A spectral orc (D:5)
186 creatures vanquished.

Notes
Turn   | Place    | Note
-------+----------+-------------------------------------------
     0 | D:1      | horus123 the Troll Hedge Wizard began the quest for the
                  | Orb.
     0 | D:1      | Reached XP level 1. HP: 16/16 MP: 2/2
    36 | D:1      | Found Nuohumec's Magic Scroll Boutique.
   141 | D:1      | Found a faded altar of an unknown god.
   470 | D:1      | Reached XP level 2. HP: 24/24 MP: 4/4
   523 | D:1      | Identified 2 scrolls of acquirement
   524 | D:1      | Acquired the +4 swamp dragon scales of Akkastui {rPois rC++
                  | Int+3 Dex+3}
   525 | D:1      | Acquired the +7 fustibalus "Ultimatum" {freeze, Dex+4}
   958 | D:2      | Found a shimmering blue altar of Sif Muna.
   975 | D:2      | Found Biussomi's Book Shop.
  1001 | D:2      | Found Lytaciedgh's Book Shop.
  1077 | D:2      | Reached XP level 3. HP: 31/31 MP: 6/6
  1307 | D:3      | Noticed Terence
  1319 | D:3      | Killed Terence
  1337 | D:3      | Reached XP level 4. HP: 39/39 MP: 7/7
  1580 | D:3      | Gained mutation: You have large cloven feet. [potion of
                  | mutation]
  1580 | D:3      | Gained mutation: Your flesh is cold resistant. (rC+)
                  | [potion of mutation]
  1580 | D:3      | Gained mutation: You are partially covered in iridescent
                  | scales. (AC +2) [potion of mutation]
  1586 | D:3      | Reached XP level 5. HP: 11/45 MP: 9/9
  1660 | D:3      | Noticed Jessica
  1672 | D:3      | Killed Jessica
  1844 | D:3      | Noticed Ijyb
  1849 | D:3      | Paralysed by Ijyb for 3 turns
  1863 | D:3      | Paralysed by Ijyb for 4 turns
  1870 | D:3      | Killed Ijyb
  1871 | D:3      | Reached skill level 1 in Conjurations
  2248 | D:4      | Reached XP level 6. HP: 53/53 MP: 11/11
  2418 | D:4      | Learned a level 5 spell: Irradiate
  2493 | D:4      | Found a hazy altar of Hepliaklqana.
  2802 | D:4      | Reached XP level 7. HP: 59/59 MP: 12/12
  3493 | D:5      | Entered Level 5 of the Dungeon
  3493 | D:5      | Found Wuon's Magic Scroll Shop.
  3579 | D:5      | Found a bloodstained altar of Trog.
  3606 | D:5      | Reached skill level 5 in Conjurations
  3686 | D:5      | Reached skill level 1 in Transmutations
  3773 | D:5      | Found a glowing drain.
  3779 | D:5      | Reached XP level 8. HP: 67/67 MP: 13/13
  3797 | Sewer    | Entered a sewer
  4561 | D:5      | Found a glowing silver altar of Zin.
  4585 | D:5      | Found a basalt altar of Yredelemnul.
  4745 | D:5      | Found a staircase to the Ecumenical Temple.
  4751 | Temple   | Entered the Ecumenical Temple
  4818 | Temple   | Became a worshipper of the Shining One
  4901 | D:6      | Reached skill level 1 in Unarmed Combat
  5169 | D:6      | Found a burning altar of Makhleb.
  5189 | D:6      | Fell from the grace of the Shining One
  5189 | D:6      | Became a worshipper of Makhleb the Destroyer
  5446 | D:6      | Found an opulent altar of Gozag.
  5562 | D:6      | Found a hide-covered altar of Uskayaw.
  5938 | D:7      | Reached XP level 9. HP: 74/74 MP: 14/14
  5983 | D:7      | Reached skill level 5 in Unarmed Combat
  5988 | D:7      | Found a radiant altar of Vehumet.
  6194 | D:7      | Identified the +1 broad axe of Beyond {flame, Int+2 Dex+2}
  6301 | D:7      | Noticed Pikel
  6323 | D:7      | Killed Pikel
  6688 | D:8      | Noticed a gargoyle
  6703 | D:8      | Killed a gargoyle
  6704 | D:8      | Reached skill level 5 in Fighting
  6759 | D:8      | Found a broken altar of Ashenzari.
  6949 | D:8      | Found a shimmering altar of Xom.
  6980 | D:8      | Reached skill level 1 in Axes
  7055 | D:8      | Reached XP level 10. HP: 89/96 MP: 15/15
  7617 | D:9      | Found a sacrificial altar of Ru.
  7695 | D:9      | Reached skill level 5 in Axes
  7778 | D:9      | Noticed an angel
  7778 | D:9      | Noticed an angel
  7782 | D:9      | HP: 3/96 [angel[the Shining One] (23)]
  7782 | D:9      | HP: 1/96 [angel[the Shining One] (2)]
  7784 | D:9      | Demolished by an angel

Illustrated notes

Levels and vault maps discovered:
D:1:      amcnicky_arrival_abandoned_market, layout_basic, serial_shops,
          nicolae_diamond_shop, shapermc_ecumenical_altar_venn
D:2:      layout_basic, serial_rivers, chequers_serial_rivers_micro_e,
          chequers_serial_rivers_micro_d, chequers_serial_rivers_micro_c,
          chequers_serial_rivers_micro_d, chequers_serial_rivers_room_a,
          basic_altar, serial_shops, shop, nicolae_shop_statue_plus
D:3:      layout_loops_ring, uniq_terence, uniq_jessica, uniq_ijyb
D:4:      layout_layer_cave, worldfamousw_hep_ancestral_shrine
D:5:      layout_cave_pools, mainiacjoe_overflow_alcove_2,
          mainiacjoe_overflow_small_starburst,
          yredelemnul_forgotten_temple_becter, minmay_temple_entry_nine_rooms,
          cheibrodos_sewer_entry_sluice, nicolae_ossuary_entry_giza,
          serial_shops, shop
D:6:      layout_basic, nicolae_overflow_crystal_walls,
          nicolae_uskayaw_dance_studio,
          nicolae_gozag_cash_rules_everything_around_me
D:7:      layout_layer_cave, lemuel_round_altar, uniq_pikel
D:8:      layout_loops_corners, mainiacjoe_overflow_boulevard,
          mainiacjoe_overflow_six_doors_small, kb_lookout_dungeons_type,
          grunt_tough_drop
D:9:      layout_roguey, led_sif_pool, nicolae_elyvilon_peaceful_grove,
          nicolae_ru_awakened_eye, uniq_grum
Temple:   corrupted_temple

Skill      XL: |  1  2  3  4  5  6  7  8  9 10 |
---------------+-------------------------------+-----
Spellcasting   | 3 4 |  4.0
Conjurations   | 2 3 5 |  5.1
Transmutations | 2 4 |  4.5
Unarmed Combat | 4 5 |  5.9
Fighting       | 5 |  5.0
Axes           | 3 5 |  5.1
Dodging        | |  1.5
Stealth        | |  1.0
Summonings     | |  0.6
Translocations | |  0.6

Action                   |  1- 3 |  4- 6 |  7- 9 | 10-12 || total
-------------------------+-------+-------+-------+-------++-------
Melee: Unarmed           |    66 |   187 |   382 |       ||   635
       Punch             |     2 |     3 |     8 |     2 ||    15
       Fustibalus        |     1 |       |       |       ||     1
       Kick              |       |    33 |   128 |    23 ||   184
       Broad axe         |       |       |    74 |   111 ||   185
 Cast: Magic Dart        |     6 |     4 |       |       ||    10
  Use: Scroll            |     5 |       |    10 |       ||    15
       Potion            |       |     3 |     1 |       ||     4
 Stab: Sleeping          |     2 |       |       |       ||     2
Armor: Robe              |     5 |       |       |       ||     5
       Swamp dragon scal |    26 |   136 |   314 |    81 ||   557
Dodge: Dodged            |    26 |   117 |   446 |   150 ||   739
